 Dungeon Crawl Stone Soup version 0.27.0-1-g7a089689b8 (webtiles) character file.

Game seed: 8966920066545311239

12 emiel the Poker (level 2, -2/28 HPs)
             Began as a Naga Berserker on Aug 8, 2021.
             Was a Follower of Trog.
             Slain by a goblin (5 damage)
             ... on level 1 of the Dungeon.
             The game lasted 00:00:29 (255 turns).

emiel the Poker (Naga Berserker)                     Turns: 255, Time: 00:00:30

Health: -2/28      AC:  1    Str: 19    XL:     2   Next: 33%
Magic:  2/2        EV:  9    Int:  7    God:    Trog [*.....]
Gold:   13         SH:  0    Dex: 10    Spells: 1/1 levels left

rFire    . . .     SeeInvis +   a - +0 spear
rCold    . . .     Faith    .   (no shield)
rNeg     . . .     Spirit   .   b - +0 animal skin
rPois    +         Reflect  .   (no helmet)
rElec    .         Harm     .   (no cloak)
rCorr    .         Rampage  .   (no gloves)
Will     .....                  (no barding)
Stlth    +.........             (no amulet)
HPRegen  0.09/turn              (no ring)
MPRegen  0.08/turn              (no ring)

@: on berserk cooldown, slowed, very slow
A: AC +0, large, see invisible, deformed body, poison resistance, slowness 2,
spit poison 1, naga tail 1
a: Spit Poison, Renounce Religion, Berserk


You were on level 1 of the Dungeon.
You worshipped Trog.
Trog was aware of your devotion.
You visited 1 branch of the dungeon, and saw 1 of its levels.

You collected 13 gold pieces.

Inventory:

Hand Weapons
 a - a +0 spear (weapon)
Armour
 b - a +0 animal skin (worn)


   Skills:
 - Level 3.0 Fighting
 + Level 3.7 Polearms
 - Level 1.5 Armour
 - Level 1.5 Dodging


You had one spell level left.
You didn't know any spells.
Your spell library was empty.

Dungeon Overview and Level Annotations

Branches:
Dungeon (1/15)

Altars:


Innate Abilities, Weirdness & Mutations

Your serpentine skin is tough. (AC +0)
You have supernaturally acute eyesight. (SInv)
Armour fits poorly on your strangely shaped body.
Your system is resistant to poisons. (rPois)
You cover ground very slowly.
You can spit poison.
You have a snake-like lower body.


Message History

You are too injured to fight recklessly!
You are too injured to fight recklessly!
You are too injured to fight recklessly!
You are too injured to fight recklessly!
You are too injured to fight recklessly!
You are too injured to fight recklessly!
You are too injured to fight recklessly!
You are too injured to fight recklessly!
You are too injured to fight recklessly!
The jackal bites you. The jackal barely misses you.
The jackal barely misses you.
The jackal bites you but does no damage.
The jackal bites you.
* * * LOW HITPOINT WARNING * * *
A red film seems to cover your vision as you go berserk!
You feel yourself moving faster!
You feel mighty!
The jackal bites you but does no damage.
The jackal bites you.
* * * LOW HITPOINT WARNING * * *
You puncture the jackal!
You kill the jackal!
Trog accepts your kill.
You barely miss the jackal. The jackal closely misses you.
You puncture the jackal!
You kill the jackal!
Trog accepts your kill.
A goblin comes into view. It is wielding a +0 club.
A goblin is nearby!
A goblin is nearby!
A goblin is nearby!
You feel a strong urge to attack something.
You feel your anger nearly subside.
You are no longer berserk.
You are exhausted.
You feel yourself slow down.
You swing at nothing.
You swing at nothing.
You barely miss the goblin. The goblin hits you with a +0 club.
* * * LOW HITPOINT WARNING * * *
You closely miss the goblin. The goblin hits you with a +0 club.
You die...

########### .....#....#
###.#....# #####
##...#....###...#
.....'†...+.'...#
##.###....###...###.....#
#.# #............+.....+
##.# #....###....##.....#
...# ####+#
#[..@##.....### ...#
#...g##........ ...#
####..#........ ...####
#####.#........ ...'..+
+.............> ...####
#####+#....g... ...#
....##... ...#### ######
.....# . ......##......
......#


You could see a goblin.

Vanquished Creatures
  An endoplasm (D:1)
  A goblin (D:1)
  A hobgoblin (D:1)
  4 jackals (D:1)
  A quokka (D:1)
  A bat (D:1)
  A rat (D:1)
10 creatures vanquished.

Notes
Turn   | Place    | Note
-------+----------+-------------------------------------------
     0 | D:1      | emiel the Naga Berserker began the quest for the Orb.
     0 | D:1      | Reached XP level 1. HP: 21/21 MP: 1/1
   160 | D:1      | Reached XP level 2. HP: 23/28 MP: 2/2
   255 | D:1      | Slain by a goblin

Illustrated notes

Levels and vault maps discovered:
D:1:      wander_arrival_desolate, layout_basic, minmay_misc_feat_tower,
          minmay_distorted

Action                   || total
-------------------------++-------
Melee: Spear             ||    26
Invok: Berserk           ||     1
 Abil: Spit Poison       ||     1
Armor: Animal skin       ||     5
Dodge: Dodged            ||    13
